 Dungeon Crawl Stone Soup version 0.27-a0-1513-g2aaa0cc67b (webtiles) character file.

Game seed: 16152111205140183446

86 dickylongcocking the Magician (level 4, -2/33 HPs)
             Began as a Djinni Fire Elementalist on July 9, 2021.
             Slain by a gnoll (8 damage)
             ... on level 2 of the Dungeon.
             The game lasted 00:02:07 (3507 turns).

dickylongcocking the Magician (DjFE)                Turns: 3507, Time: 00:02:08

Health: -2/33      AC:  3    Str:  7    XL:     4   Next: 78%
Gold:   20         EV: 12    Int: 17    God:
                   SH:  0    Dex: 14

rFire    + + .     SeeInvis .   i - +0 hand axe
rCold    x . .     Faith    .   (no shield)
rNeg     . . .     Spirit   .   a - +0 robe
rPois    ∞         Reflect  .   (no helmet)
rElec    .         Harm     .   e - +0 cloak
rCorr    .         Rampage  .   (no gloves)
Will     .....                  (boots unavailable)
Stlth    ++........             (no amulet)
HPRegen  0.11/turn              (no ring)
MPRegen  0.00/turn              (no ring)

@: flying
A: sickness immunity, fire resistance 2, cold vulnerability 1, float, innate
caster, hp casting, extra vitality 1
a: no special abilities


You were on level 2 of the Dungeon.
You visited 1 branch of the dungeon, and saw 3 of its levels.

You collected 20 gold pieces.

Inventory:

Hand Weapons
 f - a +0 flail
 i - a +0 hand axe (weapon)
Armour
 a - a +0 robe (worn)
 e - a +0 cloak (worn)
Jewellery
 c - a +6 ring of strength
 k - a ring of magical power
Scrolls
 b - a scroll of noise {unknown}
 d - a scroll of amnesia {unknown}
 h - 2 scrolls of identify {unknown}
 j - a scroll of enchant armour {unknown}
Potions
 l - a potion of curing {unknown}
 m - 3 potions of might {unknown}


   Skills:
 * Level 2.2 Fighting
 - Level 2.3 Dodging
 - Level 1.6 Stealth
 * Level 3.4 Spellcasting


You couldn't memorise any spells.
You knew the following spells:

 Your Spells              Type           Power      Damage    Failure   Level
a - Foxfire               Conj/Fire      56%        2x1d6     4%          1
b - Conjure Flame         Conj/Fire      14%        6-21      12%         3
c - Inner Flame           Hex/Fire       14%        N/A       12%         3
d - Sticky Flame          Conj/Fire      14%        2d4       38%         4
e - Fireball              Conj/Fire      7%         3d5       75%         5
f - Pain                  Necr           56%        1d6       4%          1
Your spell library was empty.

Dungeon Overview and Level Annotations

Branches:
Dungeon (3/15)

Altars:

Annotations:
D:3 Sigmund


Innate Abilities, Weirdness & Mutations

You are immune to sickness and miasma.
You are immune to poison.
Your flesh is very heat resistant. (rF++)
You are vulnerable to cold. (rC-)
You float through the air rather than walking.
You learn spells naturally, not from books.
Your magical power is your life essence.
You have superior vitality. (+4 HP)


Message History

Unknown command.
Unknown command.
Unknown command.
Casting: Pain (safe; 4% risk of failure)
Confirm with . or Enter, or press ? or * to list all spells.
Okay, then.
The gnoll closely misses you. The adder bites you.
You see here a +0 whip.
Casting: Pain (safe; 4% risk of failure)
Confirm with . or Enter, or press ? or * to list all spells.
Okay, then.
Casting: Pain (safe; 4% risk of failure)
Confirm with . or Enter, or press ? or * to list all spells.
The spell is quite dangerous to cast (12% risk of failure)!
Continue anyway?
Aiming: Inner Flame (quite dangerous; 12% risk of failure)
Press: ? - help, Shift-Dir - straight line, f - gnoll
Aim: a gnoll, wielding a +0 flail (chance to affect: 76%)
The gnoll is filled with an inner flame.
The gnoll closely misses you.
Unknown command.
Unknown command.
Unknown command.
Casting: Inner Flame (quite dangerous; 12% risk of failure)
Confirm with . or Enter, or press ? or * to list all spells.
Okay, then.
Casting: Inner Flame (quite dangerous; 12% risk of failure)
Confirm with . or Enter, or press ? or * to list all spells.
Aiming: Pain (safe; 4% risk of failure)
Press: ? - help, Shift-Dir - straight line, f/p - gnoll
Aim: a gnoll, wielding a +0 flail (inner flame, chance to affect: 79%)
The gnoll barely resists.
The gnoll hits you with a +0 flail.
* * * LOW HITPOINT WARNING * * *
Unknown command.
Unknown command.
Unknown command.
Unknown command.
It was a potion of flight.
You feel more buoyant. The gnoll hits you with a +0 flail!
You die...

...#.............# #.#.#
################## #...#
##..# #..# #..# ## #..#
.# ##.#### .#
###########....### .#
#....@gS.).>.....# .#
#.#########....#.### .#
######†## #....#........#
.#
#.......###.##.#.###....#
.# #....>.......#.#.#
#....# .#
#........##..#.#.# #....#
## #........#<..#.#.#
#....# #........#÷..#.#.#
#....#
#........#÷###.#.###....#


You could see a gnoll (inner flame) and an adder.

Vanquished Creatures
  A gnoll (D:2)
  3 adders (D:2)
  A worm (D:2)
  4 dart slugs
  2 ball pythons (D:2)
  3 bats
  3 endoplasms (D:1)
  3 giant cockroaches
  2 goblins
  2 hobgoblins (D:2)
  7 jackals
  3 quokkas (D:2)
  2 frilled lizards (D:1)
  2 kobolds
38 creatures vanquished.

Vanquished Creatures (collateral kills)
  3 foxfires (D:1)
3 creatures vanquished.

Vanquished Creatures (others)
  107 foxfires
  2 withered plants (D:1)
109 creatures vanquished.

Grand Total: 150 creatures vanquished

Notes
Turn   | Place    | Note
-------+----------+-------------------------------------------
     0 | D:1      | dickylongcocking the Djinni Fire Elementalist began the
                  | quest for the Orb.
     0 | D:1      | Reached XP level 1. HP: 15/15 MP: 0/0
   522 | D:1      | Found a faded altar of an unknown god.
   605 | D:1      | Reached XP level 2. HP: 17/21 MP: 0/0
  1533 | D:1      | Reached XP level 3. HP: 22/26 MP: 0/0
  1533 | D:1      | Learned a level 1 spell: Pain
  1619 | D:1      | Reached skill level 3 in Spellcasting
  1732 | D:2      | Reached skill level 1 in Fighting
  2365 | D:2      | Reached XP level 4. HP: 30/32 MP: 0/0
  3496 | D:3      | Noticed Sigmund
  3507 | D:2      | Slain by a gnoll

Illustrated notes

Levels and vault maps discovered:
D:1:      giann_forest_graveyard, layout_loops_ring,
          ebering_ecumenical_altar_petrified, kennysheep_boxes
D:2:      layout_basic
D:3:      layout_rooms, grunt_ministairs_2, uniq_sigmund

Skill      XL: |  1  2  3  4 |
---------------+-------------+-----
Spellcasting   | 3 |  3.4
Fighting       | 1 2 |  2.2
Dodging        | |  2.3
Stealth        | |  1.6

Action                   |  1- 3 |  4- 6 || total
-------------------------+-------+-------++-------
Melee: Flail             |     4 |       ||     4
       Unarmed           |     1 |       ||     1
       Hand axe          |     4 |    26 ||    30
 Cast: Foxfire           |    58 |    11 ||    69
       Pain              |    15 |     9 ||    24
       Inner Flame       |       |     2 ||     2
  Use: Potion            |     1 |     1 ||     2
 Stab: Sleeping          |       |     1 ||     1
Armor: Robe              |     5 |     7 ||    12
Dodge: Dodged            |    17 |    29 ||    46

Table legend: (Time is in decaauts)
 A = Elapsed time spent in this place.
 B = Non-inter-level travel time spent in this place.
 C = Inter-level travel time spent in this place.
 D = Time resting spent in this place.
 E = Time spent auto-exploring this place.
 F = Levels seen in this place.
 G = Mean time per level.
                   A        B        C        D        E       F      G
               +--------+--------+--------+--------+--------+-----+--------+
         Total |   3502 |   3444 |     58 |    445 |   2680 |   3 | 1167.3 |
       Dungeon |   3502 |   3444 |     58 |    445 |   2680 |   3 | 1167.3 |
               +--------+--------+--------+--------+--------+-----+--------+

Top non-repeatable levels by time:
     D:2: 1782 daAuts
     D:1: 1714 daAuts
     D:3: 5 daAuts
